 Dungeon Crawl Stone Soup version 0.18.1-2-ga659475 (webtiles) character file.

11674 Chiseanne the Fighter (level 11, -2/99 HPs)
             Began as a Ghoul Earth Elementalist on May 8, 2016.
             Was a High Priest of Okawaru.
             Slain by an orc knight
             ... wielding a +0 battleaxe
              (17 damage)
             ... on level 1 of the Orcish Mines.
             The game lasted 00:35:56 (11398 turns).

Chiseanne the Fighter (Ghoul Earth Elementalist)   Turns: 11398, Time: 00:35:57

Health: -2/99      AC: 27    Str: 19    XL:     11   Next: 81%
Magic:  14/15      EV: 12    Int: 10    God:    Okawaru [*****.]
Gold:   497        SH: 12    Dex: 15    Spells: 0 memorised, 13 levels left

rFire  . . .     SeeInvis .     a - +2 dagger (venom)
rCold  + . .     Gourm    .     t - +8 chain mail {MR+}
rNeg   + + +     Faith    .     P - +0 shield
rPois  ∞         Spirit   .     p - +0 helmet
rElec  .         Dismiss  .     k - +0 cloak
rCorr  .         Reflect  .     m - +0 pair of gloves
SustAt .         Harm     .     Y - +0 pair of boots {Stlth+}
MR     +....                    (no amulet)
Stlth  ++........               Z - +3 ring of dexterity
                                h - +6 ring of strength

@: heroism, rotting, somewhat resistant to hostile enchantments, unstealthy
A: rotting body, claws 1, carnivore 3, cold resistance 1, negative energy
resistance 3, slow regeneration 1, torment resistance, unbreathing
a: Heroism, Finesse, Renounce Religion


You were on level 1 of the Orcish Mines.
You worshipped Okawaru.
Okawaru was extremely pleased with you.
You were not hungry.

You visited 3 branches of the dungeon, and saw 13 of its levels.

You collected 939 gold pieces.
You spent 442 gold pieces at shops.

Inventory:

Hand Weapons
 a - a +2 dagger of venom (weapon)
 d - a +2 flail of freezing
 s - the +4 war axe "Qudeg" {elec, rC+ rN++ Str-4}
   (You found it on level 11 of the Dungeon)

   Occasionally, upon striking a foe, it will discharge some electrical energy
   and cause terrible harm.
   It affects your strength (-4).
   It protects you from cold.
   It greatly protects you from negative energy.
 w - a -1 blowgun
 Q - a +1 hand axe of flaming
Missiles
 b - 225 stones
 e - 38 sling bullets
 f - 7 needles of confusion
 g - 74 bolts
 A - 21 poisoned needles
 C - 11 javelins (quivered)
 K - 6 curare-tipped needles
 N - 5 tomahawks
Armour
 k - a +0 cloak (worn)
 m - a +0 pair of gloves (worn)
 p - a +0 helmet (worn)
 t - a +8 chain mail of magic resistance (worn)
 P - a +0 shield (worn)
 Y - a +0 pair of boots of stealth (worn)
Jewellery
 h - a +6 ring of strength (left hand)
 Z - a +3 ring of dexterity (right hand)
Wands
 j - a wand of digging (12/24)
 l - a wand of lightning (0/15)
 D - a wand of paralysis (8/24)
 I - a wand of digging (11/24)
 J - a wand of acid (0/15)
Scrolls
 o - 3 scrolls of identify
 u - 6 scrolls of remove curse
 y - a scroll of fear
 z - 5 scrolls of immolation
 B - 3 scrolls of teleportation
 F - 3 scrolls of enchant armour
 G - 2 scrolls of recharging
 X - 2 scrolls of magic mapping
Potions
 q - 3 potions of agility
 r - 3 potions of might
 E - a potion of flight
 L - 3 potions of cancellation
 O - a potion of cure mutation {unknown}
 S - a potion of haste
 U - a potion of ambrosia
 V - 8 potions of curing
 W - a potion of beneficial mutation {unknown}
Books
 c - a book of Geomancy

   Spells                             Type                      Level
   a - Sandblast                      Earth                        1
   b - Passwall                       Transmutation/Earth          2
   c - Stone Arrow                    Conjuration/Earth            3
   d - Petrify                        Transmutation/Earth          4
   e - Lee's Rapid Deconstruction     Earth                        5
 n - a book of Frost

   Spells                             Type                      Level
   a - Freeze                         Ice                          1
   b - Throw Frost                    Conjuration/Ice              2
   c - Ozocubu's Armour               Charms/Ice                   3
   d - Throw Icicle                   Conjuration/Ice              4
   e - Summon Ice Beast               Ice/Summoning                4
Miscellaneous
 M - a plain deck of war {drawn: 1}
Comestibles
 i - a royal jelly
 v - a beef jerky
 x - 10 meat rations
 H - 4 chunks of flesh
 R - 7 slices of pizza


   Skills:
 - Level 10.0(15.0) Fighting
 - Level 5.8(10.8) Short Blades
 - Level 3.9(8.9) Axes
 - Level 8.2(13.2) Armour
 - Level 5.7(10.7) Dodging
 - Level 2.1(7.1) Stealth
 + Level 4.7(9.7) Shields
 - Level 1.7 Spellcasting
   Level 0.8 Transmutations
   Level 3.2 Earth Magic
 - Level 7.5 Invocations


You had 13 spell levels left.
You didn't know any spells.

Dungeon Overview and Level Annotations

Branches:
Dungeon (11/15)            Temple (1/1) D:6            Lair (0/8) D:9
    Orc (1/2) D:11

Altars:
Ashenzari
Cheibriados
Dithmenos
Elyvilon
Fedhas
Makhleb
Okawaru
Qazlal
Sif Muna
Vehumet
Xom
Yredelemnul
Zin

Shops:
D:9 !


Innate Abilities, Weirdness & Mutations

Your body is rotting away.
You thrive on raw meat.
You are immune to poison.
You have sharp fingernails.
You are carnivorous and can eat meat at any time.
Your flesh is cold resistant.
You are immune to negative energy.
You regenerate slowly when monsters are visible.
You are immune to unholy pain and torment.
You can survive without breathing.


Message History

The orc priest calls upon Beogh to heal the orc knight.
The orc knight's wounds heal themselves!
The orc warrior no longer looks unusually strong.
The orc no longer looks unusually strong.
The orc knight roars a battlecry!
The orcs go into a battle-frenzy!
The orc knight hits you with a battleaxe.
The orc priest misses you.
You hit the orc priest.
You kill the orc priest!
Okawaru accepts your kill.
The orc knight hits you with a battleaxe!
The orc warrior hits you with a short sword of venom!
* * * LOW HITPOINT WARNING * * *
You see here an orc corpse.
You butcher the orc corpse.
You block the orc's attack.
The orc warrior hits you with a short sword of venom!
* * * LOW HITPOINT WARNING * * *
The orc knight hits you with a battleaxe!
You die...

##.####..........##
#...$#......>...##
#...............#
#..#..).....#.## .
##...).....###
#.##.........##
........$.#.##
........#####
.......@##
..##..ooo#
.........#
#.##.#$..# #
###.$.# ##.## ###


You could see an orc knight, an orc warrior and an orc.

Vanquished Creatures
  A hydra (D:9)
  Sonja (D:11)
  A hill giant (D:10)
  An ugly thing (D:10)
  4 trolls
  Sigmund (D:6)
  6 yaks
  4 hippogriffs
  Eustachio (D:5)
  Grum (D:11)
  A steam dragon (D:8)
  A hungry ghost (D:8)
  A warg (D:11)
  Edmund (D:6)
  Duvessa (D:7)
  An ice beast (D:8)
  3 phantoms
  6 orc warriors
  3 sky beasts
  3 black bears
  A necrophage (D:10)
  5 ogres
  A crocodile (D:8)
  4 wolves
  13 centaurs
  4 big kobolds
  4 giant frogs
  4 scorpions
  Dowan (D:7)
  A water moccasin skeleton (D:8)
  3 wights (D:6)
  2 electric eels (D:9)
  3 crimson imps
  A centaur zombie (D:7)
  A quasit (D:10)
  7 orc priests
  10 hounds
  2 centaur skeletons
  4 orc wizards
  3 giant frog skeletons
  3 jellies
  Terence (D:2)
  Jessica (D:2)
  3 iguanas
  12 worker ants
  A killer bee zombie (D:9)
  2 sheep (D:9)
  A hound zombie (D:5)
  A hound skeleton (D:11)
  4 gnolls (D:5)
  12 adders
  6 shadow imps
  An ooze (D:1)
  3 worms
  3 dart slugs (D:1)
  8 giant geckos
  39 orcs
  2 ball pythons
  4 giant cockroaches
  13 goblins
  8 hobgoblins
  20 jackals
  7 kobolds
  6 quokkas
  4 bats
  3 giant newts
  A jackal skeleton (D:7)
  A quokka skeleton (D:8)
  6 rats
292 creatures vanquished.

Vanquished Creatures (others)
  An orc (D:6)
1 creature vanquished.

Grand Total: 293 creatures vanquished

Notes
Turn   | Place    | Note
--------------------------------------------------------------
     0 | D:1      | Chiseanne the Ghoul Earth Elementalist began the quest for the Orb.
     0 | D:1      | Reached XP level 1. HP: 14/14 MP: 2/2
   457 | D:1      | Reached skill level 1 in Fighting
   475 | D:1      | Reached XP level 2. HP: 4/21 MP: 0/3
   703 | D:1      | Reached skill level 2 in Fighting
  1009 | D:1      | Reached XP level 3. HP: 24/30 MP: 2/4
  1542 | D:1      | Reached skill level 3 in Fighting
  2140 | D:2      | Reached XP level 4. HP: 40/40 MP: 5/5
  2148 | D:2      | Found a radiant altar of Vehumet.
  2189 | D:2      | Reached skill level 4 in Fighting
  2210 | D:2      | Found a faded altar to an unknown god.
  2273 | D:2      | Noticed Jessica
  2280 | D:2      | Killed Jessica
  2331 | D:2      | Noticed Terence
  2348 | D:2      | Killed Terence
  2348 | D:2      | Reached skill level 5 in Fighting
  2348 | D:2      | Reached XP level 5. HP: 33/48 MP: 6/6
  2485 | D:2      | You fall through a shaft!
  2990 | D:3      | Found a shattered altar of Ashenzari.
  2990 | D:3      | Found a shimmering altar of Xom.
  3130 | D:4      | Reached skill level 6 in Fighting
  3130 | D:4      | Reached XP level 6. HP: 55/58 MP: 7/7
  3310 | D:4      | Found Feitu's Antique Armour Shop.
  3355 | D:4      | Reached skill level 7 in Fighting
  3477 | D:4      | Found a shadowy altar of Dithmenos.
  3483 | D:4      | Noticed a phantom
  3559 | D:4      | Killed a phantom
  3559 | D:4      | Reached skill level 8 in Fighting
  3559 | D:4      | Reached XP level 7. HP: 24/68 MP: 8/8
  3599 | D:4      | Found a blossoming altar of Fedhas.
  4073 | D:5      | Entered Level 5 of the Dungeon
  4167 | D:5      | Noticed Eustachio
  4173 | D:5      | Reached skill level 1 in Armour
  4215 | D:5      | Killed Eustachio
  4313 | D:5      | Reached XP level 8. HP: 67/75 MP: 9/9
  4847 | D:6      | Reached skill level 9 in Fighting
  5042 | D:6      | Found a burning altar of Makhleb.
  5222 | D:6      | Found a snail-covered altar of Cheibriados.
  5224 | D:6      | Found a deep blue altar of Sif Muna.
  5235 | D:6      | Found a glowing silver altar of Zin.
  5262 | D:6      | Found a staircase to the Ecumenical Temple.
  5273 | Temple   | Entered the Ecumenical Temple
  5282 | Temple   | Became a worshipper of Warmaster Okawaru
  5444 | D:6      | Reached XP level 9. HP: 84/84 MP: 10/10
  5616 | D:6      | Noticed Sigmund
  5635 | D:6      | Killed Sigmund
  5635 | D:6      | Reached skill level 5 in Dodging
  5650 | D:6      | Noticed Edmund
  5661 | D:6      | Killed Edmund
  5758 | D:7      | Reached * piety under Okawaru
  5758 | D:7      | Reached skill level 10 in Fighting
  5922 | D:7      | Reached skill level 5 in Armour
  5922 | D:7      | Reached skill level 1 in Invocations
  5931 | D:7      | Noticed Dowan
  5933 | D:7      | Noticed Duvessa
  5954 | D:7      | Reached skill level 1 in Short Blades
  5957 | D:7      | Killed Dowan
  5963 | D:7      | Killed Duvessa
  6034 | D:7      | Found a stormy altar of Qazlal.
  6396 | D:7      | Found a basalt altar of Yredelemnul.
  6447 | D:7      | Found a white marble altar of Elyvilon.
  7083 | D:8      | Found a shimmering altar of Xom.
  7149 | D:8      | Reached XP level 10. HP: 90/90 MP: 11/11
  7361 | D:8      | Reached ** piety under Okawaru
  7851 | D:8      | Reached skill level 5 in Invocations
  8060 | D:9      | Found a staircase to the Lair.
  8400 | D:9      | Reached *** piety under Okawaru
  8698 | D:9      | Reached skill level 5 in Short Blades
  8781 | D:9      | Noticed a two-headed hydra
  8787 | D:9      | Killed a one-headed hydra
  8787 | D:9      | Reached XP level 11. HP: 85/99 MP: 11/15
  8799 | D:9      | Reached **** piety under Okawaru
  8906 | D:9      | Found Iroaweng's Distillery.
  8927 | D:9      | Bought a potion of haste for 170 gold pieces
  8927 | D:9      | Bought a potion of heal wounds for 85 gold pieces
  8927 | D:9      | Bought a potion of ambrosia for 136 gold pieces
  8927 | D:9      | Bought a potion of curing for 51 gold pieces
  9036 | D:10     | Entered Level 10 of the Dungeon
  9449 | D:10     | Reached skill level 1 in Shields
  9774 | D:11     | Noticed a hill giant
  9797 | D:10     | Killed a hill giant
  9873 | D:11     | Noticed a cyan ugly thing
  9878 | D:11     | Noticed Grum
  9951 | D:10     | HP: 2/99 [cyan ugly thing (17)]
 10259 | D:10     | Killed a cyan ugly thing
 10424 | D:11     | Noticed Sonja
 10425 | D:11     | Got a slimy war axe
 10453 | D:11     | Identified the +4 war axe "Qudeg" {elec, rC+ rN++ Str-4} (You found it on level 11 of the Dungeon)
 10604 | D:11     | Reached skill level 1 in Axes
 10706 | D:11     | Killed Grum
 10818 | D:11     | Found a staircase to the Orcish Mines.
 11217 | D:11     | Killed Sonja
 11217 | D:11     | Reached ***** piety under Okawaru
 11326 | Orc:1    | Entered Level 1 of the Orcish Mines
 11375 | Orc:1    | Noticed an orc knight
 11398 | Orc:1    | Slain by an orc knight

Skill      XL: |  1  2  3  4  5  6  7  8  9 10 11 |
---------------+----------------------------------+-----
Fighting       | 1 2 3 5 6 8 9 10 | 10.0
Dodging        | 3 4 5 |  5.7
Armour         | 2 4 6 7 8 |  8.2
Invocations    | 3 6 7 |  7.5
Short Blades   | 3 5 |  5.8
Shields        | 4 |  4.7
Axes           | 3 |  3.9
Stealth        | |  2.1
Spellcasting   | |  1.7
Transmutations | |  0.8
Earth Magic    | |  3.2

Action                   |  1- 3 |  4- 6 |  7- 9 | 10-12 || total
-------------------------+-------+-------+-------+-------++-------
Melee: Unarmed           |    28 |       |       |       ||    28
       Club              |    39 |       |       |       ||    39
       Whip              |    61 |   192 |   145 |       ||   398
       Dagger            |       |    16 |   302 |   798 ||  1116
       Punch             |       |       |     1 |     4 ||     5
       Hand axe          |       |       |       |     6 ||     6
       War axe           |       |       |       |    44 ||    44
Throw: Javelin           |       |       |       |     7 ||     7
 Cast: Sandblast         |    14 |       |       |       ||    14
Invok: Heroism           |       |       |     1 |    13 ||    14
Evoke: Wand              |       |       |       |    12 ||    12
       Deck              |       |       |       |     1 ||     1
  Use: Scroll            |       |    14 |     7 |     6 ||    27
       Potion            |       |       |     6 |     1 ||     7
 Stab: Sleeping          |     1 |       |       |       ||     1
       Paralysed         |       |       |       |     2 ||     2
  Eat: Chunk             |    19 |    22 |    35 |    58 ||   134
Armor: Robe              |     2 |       |       |       ||     2
       Ring mail         |    28 |    12 |       |       ||    40
       Chain mail        |       |   269 |   356 |   423 ||  1048
Dodge: Dodged            |    64 |   175 |   206 |   485 ||   930
Block: Buckler           |       |       |       |    68 ||    68
       Shield            |       |       |       |    15 ||    15
